Description

This build is based around a timing attack that hits with 8-15 Ravagers as well as many speedlings being railed to the opponents base with a 3 Queen drop as support against air units like liberators and ravens between 6:00-6:15.

Full guide here

VOD

https://www.youtube.com/watch?v=AHzwZmIP6II

Build Order

Get SALT Encoding   

  13  0:13  Overlord  
  17  0:53  Hatchery  
  18  1:09  Extractor  
  19  1:40  Overlord  
  20  2:00  Queen  
  20  2:03  Queen  
  24  2:05  Zergling x4  
  26  2:25  Metabolic Boost  
  30  2:35  Hatchery  
  33  2:55  Queen  
  33  3:00  Overlord  
  36  3:03  Overlord  
  44  3:20  Pneumatized Carapace  
  48  3:25  Queen x2  
  52  3:40  Roach Warren  
  52  4:00  Extractor x2  
  52  4:15  Evolution Chamber  
  72  4:40  Roach x10  
  17  1:45  Spawning Pool  
Spawning Tool Build Advisor. Get it on Overwolf

Analysis

Ravagers are good because they do not count as armored units which means they can take a siege tank shot or two, especially with a transfuse from a queen. This trait is similarly shared with your attacking queens making stopping this push with only a tank or two nearly impossible. Ravagers require 3 shots to kill a tank, so just remember to get vision of them (with the dropper lord or speedlings) and target them down quickly so you can focus on any bunkers the Terran might have

Go to:

Details

  • Created by: georgiv5
  • Published on: Dec 01, 2017
  • Modified on: Dec 06, 2017
  • Patch: 4.0.0
Show
View Real Time Build Order
Export as new Build Order

Comments (2)

On Dec. 6, 2017, 6:38 a.m., georgiv5  said:

Ooops thanks

On Dec. 5, 2017, 2:54 a.m., MildSe7enX  said:

You forgot about pool :-)

Create an account to comment!